 Dungeon Crawl Stone Soup version 0.18-a0-455-gc7d4c65 (webtiles) character file.

37 ololoev the Vexing (level 3, -3/24 HPs)
             Began as a Mummy Enchanter on Dec 1, 2015.
             Slain by Crazy Yiuf
             ... wielding a +4 quarterstaff of chaos
              (7 damage)
             ... on level 2 of the Dungeon.
             The game lasted 00:06:27 (2010 turns).

ololoev the Vexing (Mummy Enchanter)                Turns: 2010, Time: 00:06:27

Health: -3/24      AC:  3    Str: 11    XL:     3   Next: 23%
Magic:  0/6        EV: 12    Int: 15    God:
Gold:   63         SH:  0    Dex: 12    Spells: 3 memorised, 0 levels left

rFire  x . .     SeeInvis .     a - +1 dagger
rCold  + . .     Clarity  .     b - +1 robe
rNeg   + + +     SustAt   .     (no shield)
rPois  ∞         Gourm    .     (no helmet)
rElec  .         Spirit   .     (no cloak)
rCorr  .         Dsmss    .     (no gloves)
rMut   .         Stasis   .     (no boots)
MR     .....                    (no amulet)
Stlth  ++........               (no ring)
                                (no ring)

@: very slightly contaminated, not resistant to hostile enchantments, unstealthy
A: no food or potions, fire vulnerability, cold resistance 1, negative energy
resistance 3, torment resistance, unbreathing
a: no special abilities


Innate Abilities, Weirdness & Mutations

You do not eat or drink.
Your flesh is vulnerable to fire.
You are immune to poison.
Your flesh is cold resistant.
You are immune to negative energy.
You are immune to unholy pain and torment.
You can survive without breathing.

Inventory:

Hand Weapons
 a - a +1 dagger (weapon)
Armour
 b - a +1 robe (worn)
Scrolls
 d - 2 scrolls of identify {unknown}
 e - a scroll of fog {unknown}
 f - a scroll of remove curse {unknown}
 g - a scroll of teleportation {unknown}
 h - a scroll of noise {unknown}
 i - a scroll of recharging {unknown}
Books
 c - a book of Maledictions

   Spells                             Type                      Level
   a - Corona                         Hexes                        1
   b - Ensorcelled Hibernation        Hexes/Ice                    2
   c - Confuse                        Hexes                        3
   d - Tukima's Dance                 Hexes                        3
   e - Dazzling Spray                 Conjuration/Hexes            3


   Skills:
 * Level 1.9 Short Blades
 - Level 1.5 Dodging
 + Level 2.4 Stealth
 + Level 2.2 Spellcasting
 * Level 3.0 Hexes


You couldn't memorise any spells.
You knew the following spells:

 Your Spells              Type           Power        Failure   Level  Hunger
a - Corona                Hex            ##.....      8%          1    N/A
b - Ensorcelled Hibernat  Hex/Ice        #.....       17%         2    N/A
c - Confuse               Hex            ##......     21%         3    N/A


You were on level 2 of the Dungeon.
You were not hungry.

You visited 1 branch of the dungeon, and saw 2 of its levels.

You collected 63 gold pieces.

..#.##.############
+##...........
%.####.##################
..## #.# #..............#
...# #.# #...############
...###.# #...# ....##.#
#...##♣♣♣♣♣ ....##.#
#.......♣.♣♣♣#####
....##+###......@g♣..♣#...#
....#....#.......♣♣♣♣.....#
.........#......♣♣ ♣♣#..)#
...#.....#...##♣♣ #####
.........#...#
.........#...#
.........#...##
.......###....#####
.......# #.........

Notes
Turn   | Place    | Note
--------------------------------------------------------------
     0 | D:1      | ololoev the Mummy Enchanter began the quest for the Orb.
     0 | D:1      | Reached XP level 1. HP: 13/13 MP: 3/3
   354 | D:1      | Reached skill level 1 in Short Blades
   626 | D:1      | Reached XP level 2. HP: 19/19 MP: 3/5
   630 | D:1      | Learned a level 2 spell: Ensorcelled Hibernation
   751 | D:1      | Found a snail-covered altar of Cheibriados.
  1053 | D:1      | Reached skill level 3 in Hexes
  1436 | D:1      | Reached XP level 3. HP: 16/24 MP: 1/6
  1561 | D:1      | Learned a level 3 spell: Confuse
  1825 | D:2      | Found a shadowy altar of Dithmenos.
  1832 | D:2      | Noticed Robin
  1986 | D:2      | Noticed Crazy Yiuf
  2010 | D:2      | Slain by Crazy Yiuf

Dungeon Overview and Level Annotations

Branches:
Dungeon (2/15)

Altars:
Cheibriados
Dithmenos

Annotations:
D:2 Crazy Yiuf, Robin


Message History

Aim: Crazy Yiuf, wielding a quarterstaff of chaos and wearing a cloak (confused, chance to defeat MR: 47%)
You miscast Ensorcelled Hibernation.
You are very lightly contaminated with residual magic.
You feel off-balance for a moment. Crazy Yiuf misses you.
You strike the helpless Crazy Yiuf from behind!
You puncture Crazy Yiuf!
Crazy Yiuf is heavily wounded.
Crazy Yiuf counts something out on his fingers.
Crazy Yiuf barely misses you.
You catch the helpless Crazy Yiuf completely off-guard!
You puncture Crazy Yiuf!
Crazy Yiuf is almost dead.
You completely miss Crazy Yiuf.
Crazy Yiuf is almost dead.
Crazy Yiuf says, "Perhaps I shall have lamb for dinner."
You hit Crazy Yiuf but do no damage.
Crazy Yiuf is almost dead.
Crazy Yiuf seems less confused.
Crazy Yiuf hits you but does no damage.
You hit Crazy Yiuf.
Crazy Yiuf is almost dead.
Crazy Yiuf hits you with a quarterstaff of chaos!
Ouch! That really hurt!
Crazy Yiuf flaps his cloak.
Casting: Ensorcelled Hibernation
Confirm with . or Enter, or press ? or * to list all spells.
Aiming: Ensorcelled Hibernation
Press: ? - help, Shift-Dir - straight line, f/p - Crazy Yiuf
Aim: Crazy Yiuf, wielding a quarterstaff of chaos and wearing a cloak (almost dead, chance to defeat MR: 47%)
Okay, then.
Casting: Ensorcelled Hibernation
Confirm with . or Enter, or press ? or * to list all spells.
Aiming: Confuse
Press: ? - help, Shift-Dir - straight line, f/p - Crazy Yiuf
Aim: Crazy Yiuf, wielding a quarterstaff of chaos and wearing a cloak (almost dead, chance to defeat MR: 50%) Crazy Yiuf resists with some effort.
Crazy Yiuf hits you with a quarterstaff of chaos.
You hit Crazy Yiuf but do no damage.
Crazy Yiuf is almost dead.
Crazy Yiuf hits you with a quarterstaff of chaos!
You die...

You could see Crazy Yiuf.

Vanquished Creatures
  9 goblins
  4 hobgoblins (D:1)
  9 kobolds
  A quokka (D:2)
  A bat (D:1)
  A giant cockroach (D:1)
  2 giant newts (D:1)
  9 rats
36 creatures vanquished.

Action                   || total
-------------------------++-------
Melee: Dagger            ||    96
 Cast: Corona            ||     6
       Ensorcelled Hiber ||    24
       Confuse           ||     2
 Stab: Sleeping          ||    20
       Confused          ||     2

Vault maps used:
D:1:      minmay_arrival_up_and_down, cheibriados_altar_1
D:2:      nicolae_dithmenos_through_a_glass_darkly,
          nicolae_tso_swordbearing_angel, minmay_misc_feat_diagonals,
          uniq_crazy_yiuf_cottage, uniq_robin, uniq_sigmund
